 Dungeon Crawl Stone Soup version 0.31-a0-876-gfe8ebadbca (webtiles) character file.

Game seed: 13441424029316678997

704 Ahpoh the Slasher (level 7, -4/46 (52) HPs)
             Began as a Demonspawn Gladiator on Oct 13, 2023.
             Was an Initiate of Wu Jian.
             Slain by a wight
             ... wielding a +0 dire flail
              (7 damage)
             ... on level 6 of the Dungeon.
             The game lasted 00:11:00 (4076 turns).

Ahpoh the Slasher (Demonspawn Gladiator)            Turns: 4076, Time: 00:11:01

HP:   -4/46 (52)    AC: 12    Str: 14    XL:     7   Next: 39%
MP:   7/7           EV:  7    Int: 15    God:    Wu Jian [......]
Gold: 307           SH:  4    Dex: 17    Spells: 6/6 levels left

rFire   . . .        E - +2 long sword (freeze)
rCold   . . .        u - +0 buckler
rNeg    . . .        s - +0 chain mail
rPois   .            (helmet restricted)
rElec   .            A - +1 cloak
rCorr   +            q - +0 pair of gloves
SInv    .            (no boots)
Will    +....        (no amulet) Stlth
                     h - +6 ring of intelligence
HPRegen 0.27/turn    o - ring "Dudwios" {Fly Will+ rCorr}
MPRegen 0.10/turn

%: no passive effects
@: flying, heavily drained
A: antennae 1, demonic guardian 2
a: Renounce Religion


You were on level 6 of the Dungeon.
You worshipped Wu Jian.
Wu Jian was noncommittal.
You visited 2 branches of the dungeon, and saw 7 of its levels.

You collected 307 gold pieces.

Inventory:

Hand Weapons
 a - a +0 long sword
 w - a +0 heavy spear
 E - a +2 long sword of freezing (weapon)
Missiles
 d - 3 throwing nets
 C - 5 poisoned darts
 D - 2 atropa-tipped darts
Armour
 b - a +0 leather armour
 c - a +0 helmet
 q - a +0 pair of gloves (worn)
 s - a +0 chain mail (worn)
 u - a +0 buckler (worn)
 A - a +1 cloak (worn)
Jewellery
 h - a +6 ring of intelligence (left hand)
 o - the ring "Dudwios" (right hand) {Fly Will+ rCorr}
   (You found it on level 2 of the Dungeon)

   [ring of flight]

   Will+:     It increases your willpower.
   Fly:       It grants you flight.
   rCorr:     It protects you from acid and corrosion.
Wands
 v - a wand of polymorph (6)
 z - a wand of flame (8)
Scrolls
 f - 3 scrolls of poison {unknown}
 g - 2 scrolls of teleportation
 i - a scroll of enchant weapon {unknown}
 j - 2 scrolls of blinking
 k - 3 scrolls of noise
 p - a scroll of vulnerability
 r - a scroll of revelation {unknown}
 y - a scroll of fog {unknown}
Potions
 l - a potion of curing
 m - 4 potions of lignification
 t - a potion of might
 x - 2 potions of attraction
 B - 2 potions of heal wounds {unknown}


   Skills:
 + Level 3.2 Fighting
 + Level 5.9 Long Blades
 + Level 1.9 Throwing
 + Level 3.3 Armour
 + Level 3.5 Dodging
 + Level 0.3 Stealth
 + Level 0.7 Shields


You had 6 spell levels left.
You didn't know any spells.
Your spell library contained the following spells:

 Spells                   Type           Power      Damage    Failure   Level
 Cause Fear               Hex            0%         N/A       100%        4
 Fireball                 Conj/Fire      0%         3d3       100%        5
 Dragon's Call            Summ           0%         N/A       100%        9


Dungeon Overview and Level Annotations

Branches:
Dungeon (6/15)             Temple (1/1) D:4

Altars:
Ashenzari
Dithmenos
Fedhas
Nemelex Xobeh
Qazlal
Ru
Sif Muna
Wu Jian
Xom

Shops:
D:3 *   D:4 !

Annotations:
Temple 2 transporters


Innate Abilities, Weirdness & Mutations

You have a pair of small antennae on your head.
A demonic guardian rushes to your aid.


Message History

The wight hits you with a +4 short sword.
The wight hits you but does no damage.
The wight hits you with a +0 dire flail.
You feel drained.
The wight hits you with a +4 short sword.
You feel drained. The wight attacks as it pursues you!
The wight hits you with a +0 dire flail.
* * * LOW HITPOINT WARNING * * *
You feel drained. The wight attacks as it pursues you!
The wight barely misses you. The wight attacks as it pursues you!
The wight barely misses you. The wight attacks as it pursues you!
You block the wight's attack. The wight attacks as it pursues you!
The wight hits you with a +4 short sword.
* * * LOW HITPOINT WARNING * * *
A demonic guardian appears!
You feel drained.
Your rust devil barely misses the wight.
Your rust devil hits the wight!
The wight is destroyed!
The Council accepts your kill.
Your rust devil closely misses the wight.
Your rust devil hits the wight.
Your rust devil corrodes the wight!
Okay, then.
Throw: javelin
Press: ? - help, Q - select action, (/) - cycle Shift-Dir - straight line, f - wight
Aim: a wight, wielding a +0 dire flail and wearing a +0 robe (lightly damaged, covered in acid, ally target, 57% to hit)
You throw a javelin. The javelin closely misses the wight.
Your demonic guardian avoids your attack.
You block the wight's attack. The wight attacks as it pursues you!
You block the wight's attack. The wight attacks as it pursues you!
The wight closely misses you. The wight attacks as it pursues you!
The wight hits you with a +0 dire flail!
* * * LOW HITPOINT WARNING * * *
A demonic guardian appears!
You feel drained.
* * * LOW HITPOINT WARNING * * *
The wight attacks as it pursues you!
The wight hits you with a +0 dire flail!
You die...

#.#########.#
#.4...#...# #
########.#.#.#
#.....<#.#.#.#######
#.####.#4#.#.......#
#.†.#.#.#######.#
#.#.#...4.......#
#.#.###.#########
..#..@z.# ##########


You could see a wight (corroded, ally target) and a friendly ice devil
(summoned).

Vanquished Creatures
  A bullfrog (D:6)
  2 scorpions
  2 wights (D:6)
  A howler monkey (D:6)
  2 orc priests
  Natasha (thrice) (D:3)
  An iguana (D:5)
  7 adders
  A dart slug (D:1)
  5 orcs
  6 ball pythons
  11 endoplasms
  6 giant cockroaches
  16 goblins
  9 hobgoblins
  9 jackals
  3 quokkas
  8 bats
  4 frilled lizards (D:1)
  5 kobolds
  8 rats
110 creatures vanquished.

Vanquished Creatures (collateral kills)
  A wight (D:6)
1 creature vanquished.

Grand Total: 111 creatures vanquished

Notes
Turn   | Place    | Note
-------+----------+-------------------------------------------
     0 | D:1      | Ahpoh the Demonspawn Gladiator began the quest for the Orb.
     0 | D:1      | Reached XP level 1. HP: 16/16 MP: 1/1
    77 | D:1      | You fall into a shaft and drop 1 floor!
   137 | D:2      | Reached skill level 3 in Long Blades
   181 | D:1      | Gained mutation: You have a pair of small antennae on your
                  | head. [demonic ancestry]
   181 | D:1      | Reached XP level 2. HP: 21/22 MP: 2/2
   376 | D:1      | Reached XP level 3. HP: 13/27 MP: 3/3
   961 | D:2      | Reached skill level 1 in Armour
  1034 | D:2      | Reached XP level 4. HP: 16/33 MP: 4/4
  1116 | D:2      | Identified the ring "Dudwios" {Fly Will+ rCorr}
  1186 | D:2      | Reached skill level 4 in Long Blades
  1563 | D:3      | Noticed Natasha
  1583 | D:3      | Killed Natasha
  1663 | D:3      | Reached XP level 5. HP: 38/39 MP: 5/5
  1851 | D:3      | Noticed Natasha
  1859 | D:3      | Killed Natasha
  2024 | D:3      | Found Deefonar's General Store.
  2104 | D:3      | Noticed Natasha
  2116 | D:3      | Killed Natasha
  2399 | D:4      | Found Osorch's Distillery.
  2788 | D:4      | Found a staircase to the Ecumenical Temple.
  2821 | Temple   | Found a transporter.
  2821 | Temple   | Found a transporter.
  2821 | Temple   | Found a transporter.
  2821 | Temple   | Found a transporter.
  2821 | Temple   | Entered the Ecumenical Temple
  2855 | Temple   | Became a worshipper of the Wu Jian Council
  3273 | D:4      | Gained mutation: A weak demonic guardian rushes to your
                  | aid. [demonic ancestry]
  3273 | D:4      | Reached XP level 6. HP: 39/46 MP: 6/6
  3391 | D:5      | Entered Level 5 of the Dungeon
  3466 | D:5      | Reached skill level 5 in Long Blades
  3945 | D:6      | Gained mutation: A demonic guardian rushes to your aid.
                  | [demonic ancestry]
  3945 | D:6      | Reached XP level 7. HP: 52/52 MP: 7/7
  4076 | D:6      | Slain by a wight

Illustrated notes

Levels and vault maps discovered:
D:1:      dpeg_arrival_subterranean_lakeside_camping, layout_basic
D:2:      layout_basic
D:3:      layout_rooms, serial_glass, glass_columns_b, glass_columns_b,
          glass_columns_a, glass_columns_a, serial_shops, shop, uniq_natasha
D:4:      layout_basic, minmay_temple_entry_glassed_door, serial_shops, shop,
          hangedman_decor_clover_reticule
D:5:      layout_rooms, grunt_decor_cap
D:6:      layout_basic, demons_altar
Temple:   hellmonk_temple_divided_pantheon

Skill      XL: |  1  2  3  4  5  6 |
---------------+-------------------+-----
Long Blades    | 3 4 5 |  5.9
Dodging        | 3 |  3.5
Armour         | 1 2 3 |  3.3
Fighting       | 3 |  3.2
Throwing       | |  1.9
Stealth        | |  0.3
Shields        | |  0.7

Action                     |  1- 3 |  4- 6 |  7- 9 || total
---------------------------+-------+-------+-------++-------
  Melee: Long sword        |   112 |     7 |    12 ||   131
         Falchion          |       |   189 |       ||   189
  Throw: Javelin           |       |       |     1 ||     1
Ability: Lunge             |       |     4 |     1 ||     5
    Use: Potion            |     5 |     1 |       ||     6
         Scroll            |       |     4 |       ||     4
   Stab: Sleeping          |       |     1 |       ||     1
 Armour: Leather armour    |    78 |    30 |       ||   108
         Chain mail        |       |   133 |    13 ||   146
  Dodge: Dodged            |   106 |   101 |     7 ||   214
  Block: Buckler           |       |    19 |     5 ||    24

Table legend: (Time is in decaauts)
 A = Elapsed time spent in this place.
 B = Non-inter-level travel time spent in this place.
 C = Inter-level travel time spent in this place.
 D = Time resting spent in this place.
 E = Time spent auto-exploring this place.
 F = Levels seen in this place.
 G = Mean time per level.
                   A        B        C        D        E       F      G
               +--------+--------+--------+--------+--------+-----+--------+
         Total |   4123 |   4003 |    120 |      0 |   2596 |   7 |  589.0 |
       Dungeon |   4067 |   3947 |    120 |      0 |   2596 |   6 |  677.8 |
        Temple |     56 |     56 |      0 |      0 |      0 |   1 |   56.0 |
               +--------+--------+--------+--------+--------+-----+--------+

Top non-repeatable levels by time:
     D:4: 1036 daAuts
     D:1: 845 daAuts
     D:3: 827 daAuts
     D:2: 669 daAuts
     D:5: 478 daAuts
     D:6: 210 daAuts
  Temple: 56 daAuts
